 Dungeon Crawl Stone Soup version 0.31.0-12-g77e489cdc1 (webtiles) character file.

Game seed: 11054828542840423599

6203 lonewolfV2 the Fighter (level 11, 0/135 HPs)
             Began as a Formicid Fighter on Feb 14, 2024.
             Was a Believer of Qazlal.
             Slain by a death yak (14 damage)
             ... on level 10 of the Dungeon.
             The game lasted 00:19:30 (11463 turns).

lonewolfV2 the Fighter (Formicid Fighter)          Turns: 11463, Time: 00:19:30

Health: 0/135      AC: 25    Str: 23    XL:     11   Next: 14%
Magic:  17/17      EV:  2    Int:  8    God:    Qazlal [**....]
Gold:   1506       SH:  0    Dex: 21    Spells: 10/10 levels left

rFire   + . .        a - +0 war axe
rCold   + . .        o - +0 kite shield
rNeg    . . .        k - melded +0 plate armour
rPois   +            (helmet unavailable)
rElec   +            (cloak currently unavailable)
rCorr   +            b - melded +0 pair of gloves
SInv    .            d - melded +0 pair of boots
Will    +....        (no amulet)
Stlth   +            i - +6 ring of dexterity
HPRegen 0.42/turn    m - +5 ring of evasion
MPRegen 0.15/turn

%: no passive effects
@: confused, tree-form, resistant, ambrosia-drunk, attractive
A: stationary, stasis, torment immunity, boosted hp, permanent stasis, dig
shafts and tunnels, (antennae 3), four strong arms, mutation resistance 1
a: Renounce Religion, Upheaval


You were on level 10 of the Dungeon.
You worshipped Qazlal.
Qazlal was pleased with you.
You were a tree.
You visited 1 branch of the dungeon, and saw 10 of its levels.
You also visited: Sewer.

You collected 1506 gold pieces.

Inventory:

Hand Weapons
 a - a +0 war axe (weapon)
Missiles
 C - a throwing net
Armour
 b - a +0 pair of gloves (melded)
 d - a +0 pair of boots (melded)
 k - a +0 plate armour (melded)
 o - a +0 kite shield (worn)
 y - the +0 buckler "Casalin" {Str+5}
   (You found it on level 6 of the Dungeon)

   Str+5:     It affects your strength (+5).
Jewellery
 i - a +6 ring of dexterity (left branch)
 m - a +5 ring of evasion (right branch)
 n - a ring of resist corrosion
 x - an amulet of faith
 D - a ring of willpower
Wands
 l - a wand of charming (22)
 F - a wand of flame (21)
Scrolls
 c - 5 scrolls of fog
 e - a scroll of fear
 h - 3 scrolls of immolation
 j - a scroll of poison
 u - a scroll of revelation
 v - 2 scrolls of vulnerability
 B - a scroll of butterflies
 E - a scroll of identify
Potions
 f - 3 potions of invisibility
 g - 5 potions of haste
 r - 4 potions of enlightenment
 s - a potion of lignification
 t - a potion of resistance
 w - a potion of degeneration


   Skills:
 - Level 10.0 Fighting
 + Level 8.0 Axes
 + Level 7.9 Armour
 - Level 7.6 Shields
 - Level 9.2 Invocations


You had 10 spell levels left.
You didn't know any spells.
Your spell library contained the following spells:

 Spells                   Type           Power      Damage    Failure   Level
 Slow                     Hex            0%         N/A       63%         1
 Ensorcelled Hibernation  Hex/Ice        0%         N/A       77%         2
 Confusing Touch          Hex            0%         N/A       94%         3
 Inner Flame              Hex/Fire       0%         N/A       94%         3
 Passwall                 Erth           0%         N/A       94%         3
 Sigil of Binding         Hex            0%         N/A       94%         3
 Tukima's Dance           Hex            0%         N/A       94%         3
 Vampiric Draining        Necr           0%         2d6       94%         3
 Passage of Golubria      Tloc           0%         N/A       100%        4
 Irradiate                Conj/Alch      0%         3d11      100%        5
 Yara's Violent Unravell  Hex/Alch       0%         3d3       100%        5
 Ignition                 Fire           0%         3d3       100%        8
 Chain Lightning          Conj/Air       0%         N/A       100%        9
 Fire Storm               Conj/Fire      0%         5d1       100%        9
 Shatter                  Erth           0%         3d5*      100%        9
 Swiftness                Air            Unusable   N/A       N/A         3

Dungeon Overview and Level Annotations

Branches:
Dungeon (10/15)            Temple (0/1) D:5             Orc (0/2) D:9
  Sewer (visited)
   Lair: D:8-11

Altars:
Ashenzari
Cheibriados
Dithmenos
Elyvilon
Hepliaklqana
Qazlal
Trog
Uskayaw
Vehumet
Zin
The Shining One

Shops:
D:7 *   D:10 !

Annotations:
D:6 3 runed translucent doors, Arctor's ghost, novice DEFE


Innate Abilities, Weirdness & Mutations

You are a tree.
Your roots penetrate the ground, keeping you stationary.
You cannot be teleported.
You are immune to unholy pain and torment.
Your maximum health is greatly increased.
Your equipment is partially melded.
You cannot be hasted, slowed, berserked, paralysed or teleported.
You can dig through walls and to a lower floor.
((You have a pair of large antennae on your head. (SInv)))
Your four strong arms can wield two-handed weapons with a shield.
You are somewhat resistant to further mutation.


Message History

The blast of magma engulfs you. You partially resist.
* * * LOW HITPOINT WARNING * * *
The blast of magma engulfs the death yak!
The death yak is severely wounded.
The death yak gores you but does no damage.
The death yak gores you!
* * * LOW HITPOINT WARNING * * *
Okay, then.
It was a potion of mutation.
You feel extremely strange.
You feel resistant to cold.
You no longer feel cold resistant.
You feel genetically stable.
The death yak gores you but does no damage.
You block the death yak's attack.
It was a potion of heal wounds.
You feel much better. The death yak gores you!
* * * LOW HITPOINT WARNING * * *
The death yak completely misses you.
It was a potion of ambrosia.
You are confused.
You feel invigorated.
The death yak gores you but does no damage. x2
It was a potion of attraction.
You feel attractive to monsters. The death yak gores you.
* * * LOW HITPOINT WARNING * * *
The death yak gores you!
* * * LOW HITPOINT WARNING * * *
You cannot move. (Use ctrl+direction or * direction to attack while stationary and confused.)
Okay, then.
You cannot move. (Use ctrl+direction or * direction to attack while stationary and confused.)
You cannot move. (Use ctrl+direction or * direction to attack while stationary and confused.)
You cannot move. (Use ctrl+direction or * direction to attack while stationary and confused.)
You barely miss the death yak.
The death yak is severely wounded.
You hit the death yak but do no damage. The death yak gores you.
* * * LOW HITPOINT WARNING * * *
The death yak gores you but does no damage.
You hit the death yak but do no damage.
The death yak is severely wounded.
You completely miss the death yak. The death yak gores you!
You die...

........#...#
........#...#
........#...#
#####...#...#
#...#...#
#...#...##
#...###..#
##..#
##Y##### ##.#
#.♣Y..# ...
###.#.# ...
,.# ... ..
.#. [..# .. #
..


You could see 2 death yaks.

Vanquished Creatures
  A death yak (D:10)
  3 kobold demonologists
  A hornet (D:10)
  A troll (D:10)
  A shadow (D:10)
  2 wyverns
  A warg (D:9)
  2 steam dragons (D:9)
  An acid dragon (D:9)
  Pargi (Sewer)
  3 sky beasts
  A black bear (D:7)
  An ice beast (D:6)
  2 wolves (D:9)
  An ogre (D:6)
  3 kobold brigands
  A gnoll sergeant (D:9)
  A brain worm (Sewer)
  4 bullfrogs
  2 scorpions (D:5)
  8 wights (D:7)
  9 killer bees
  5 howler monkeys
  A crimson imp (D:4)
  A bombardier beetle (D:5)
  2 jellies
  4 hounds
  Crazy Yiuf (D:4)
  3 gnoll boudas
  An iguana (D:5)
  2 sleepcaps
  A hell rat (D:10)
  3 orc wizards
  Robin (D:2)
  20 gnolls
  A river rat (D:10)
  9 adders
  A white imp (D:4)
  A ribbon worm (D:4)
  4 dart slugs
  12 orcs
  6 bats
  13 endoplasms
  8 giant cockroaches
  11 goblins
  10 hobgoblins
  13 jackals
  22 kobolds
  12 quokkas
  9 ball pythons
  10 frilled lizards
  13 rats
250 creatures vanquished.

Vanquished Creatures (others)
  A sky beast (D:9)
1 creature vanquished.

Grand Total: 251 creatures vanquished

Notes
Turn   | Place    | Note
-------+----------+-------------------------------------------
     0 | D:1      | lonewolfV2 the Formicid Fighter began the quest for the
                  | Orb.
     0 | D:1      | Reached XP level 1. HP: 18/18 MP: 1/1
    70 | D:1      | Reached XP level 2. HP: 24/24 MP: 2/2
   232 | D:1      | Reached XP level 3. HP: 26/30 MP: 3/3
   409 | D:1      | Reached skill level 4 in Fighting
   901 | D:2      | Noticed Robin
   923 | D:2      | Reached XP level 4. HP: 34/37 MP: 4/4
  1257 | D:2      | Killed Robin
  1522 | D:2      | Reached XP level 5. HP: 43/43 MP: 5/5
  1894 | D:3      | Found a faded altar of an unknown god.
  1897 | D:3      | Identified the +0 robe of Nikuicla {rPois rN+}
  1943 | D:3      | Reached skill level 5 in Fighting
  1944 | D:3      | Reached skill level 5 in Armour
  2479 | D:4      | Found a hazy altar of Hepliaklqana.
  2514 | D:4      | Noticed a kobold brigand
  2535 | D:4      | Killed a kobold brigand
  2536 | D:4      | Reached XP level 6. HP: 48/52 MP: 6/6
  2687 | D:4      | Reached skill level 6 in Fighting
  2889 | D:4      | Found a runed translucent door.
  2890 | D:4      | Noticed Crazy Yiuf
  2919 | D:4      | Found a glowing silver altar of Zin.
  2973 | D:4      | Found a stormy altar of Qazlal.
  3052 | D:4      | Reached XP level 7. HP: 49/58 MP: 7/7
  3083 | D:4      | Became a worshipper of Qazlal Stormbringer
  3272 | D:4      | Killed Crazy Yiuf
  3766 | D:4      | Identified a scroll of acquirement
  3766 | D:4      | Acquired 802 gold pieces
  3769 | D:5      | Entered Level 5 of the Dungeon
  3794 | D:5      | Reached skill level 1 in Invocations
  4254 | D:5      | Found a glowing drain.
  4268 | Sewer    | Entered a sewer
  4322 | Sewer    | Noticed Pargi
  4345 | Sewer    | Killed Pargi
  4346 | Sewer    | Reached skill level 7 in Fighting
  4346 | Sewer    | Reached XP level 8. HP: 51/67 MP: 11/11
  4549 | D:5      | Reached * piety under Qazlal
  4550 | D:5      | Reached skill level 5 in Invocations
  5439 | D:5      | Found a staircase to the Ecumenical Temple.
  5690 | D:6      | Noticed Arctor's ghost (novice DEFE)
  5728 | D:6      | Found a runed translucent gate.
  5728 | D:6      | Found a runed translucent gate.
  5728 | D:6      | Found a runed translucent gate.
  5744 | D:6      | Found a white marble altar of Elyvilon.
  5808 | D:6      | Identified the +0 buckler "Casalin" {Str+5}
  5892 | D:6      | Reached skill level 5 in Shields
  5892 | D:6      | Reached XP level 9. HP: 66/72 MP: 13/13
  6382 | D:7      | Found Vaud Feo's General Store.
  6496 | D:7      | Found a shadowy altar of Dithmenos.
  6656 | D:7      | Reached skill level 5 in Axes
  6822 | D:7      | Found a radiant altar of Vehumet.
  7330 | D:7      | Found a bloodstained altar of Trog.
  7406 | D:8      | Noticed a kobold demonologist
  7407 | D:8      | Noticed an ice devil
  7408 | D:8      | Noticed a kobold demonologist
  7424 | D:8      | Killed a kobold demonologist
  7429 | D:8      | Killed a kobold demonologist
  7474 | D:8      | Reached ** piety under Qazlal
  7736 | D:8      | Reached XP level 10. HP: 59/80 MP: 13/15
  7950 | D:8      | Reached skill level 8 in Fighting
  8515 | D:9      | Found a broken altar of Ashenzari.
  9065 | D:9      | Reached skill level 9 in Fighting
  9422 | D:9      | Found a staircase to the Orcish Mines.
 10486 | D:9      | Found a glowing golden altar of the Shining One.
 10540 | D:9      | Found a snail-covered altar of Cheibriados.
 10676 | D:10     | Entered Level 10 of the Dungeon
 10907 | D:10     | Found Emneigh's Distillery.
 10914 | D:10     | Noticed a kobold demonologist
 10920 | D:10     | Noticed a soul eater
 10921 | D:10     | Killed a kobold demonologist
 10922 | D:10     | Reached skill level 10 in Fighting
 10925 | D:10     | Found a hide-covered altar of Uskayaw.
 11168 | D:10     | Reached XP level 11. HP: 83/90 MP: 17/17
 11223 | D:10     | Noticed a death yak
 11259 | D:10     | Killed a death yak
 11442 | D:10     | Noticed a death yak
 11443 | D:10     | Noticed a death yak
 11457 | D:10     | HP: 1/135 [death yak (9)]
 11458 | D:10     | Gained mutation: Your flesh is cold resistant. (rC+)
                  | [potion of mutation]
 11458 | D:10     | Lost mutation: Your flesh is cold resistant. (rC+) [potion
                  | of mutation]
 11458 | D:10     | Gained mutation: You are somewhat resistant to further
                  | mutation. [potion of mutation]
 11463 | D:10     | Slain by a death yak

Illustrated notes

Levels and vault maps discovered:
D:1:      dpeg_arrival_ratfight, layout_loops_ring, minmay_unequal
D:2:      layout_basic, uniq_robin
D:3:      layout_basic, hellmonk_ecumenical_altar_arch_garden
D:4:      layout_loops_ring, lemuel_round_altar, grunt_qazlal_clouds,
          zin_statuary, minmay_fire_ice_demons, uniq_crazy_yiuf_cottage
D:5:      layout_loops_cross, minmay_temple_entry_statues, gup_sewer_entry_pipe,
          mainiacjoe_ossuary_entry_dusty_tomb
D:6:      layout_basic, elyvilon_altar_3, gammafunk_ghost_icy, kennysheep_potato
D:7:      layout_basic, nicolae_dithmenos_shadow_blocks,
          nicolae_vehumet_altar_sigil, lightli_temple_of_fire, serial_shops,
          nicolae_shop_tiny_statue_garden, nicolae_letterblocks
          [nicolae_letter_subblock, nicolae_letter_subblock,
          nicolae_letter_subblock, nicolae_letter_subblock,
          nicolae_letter_subblock, nicolae_letter_subblock,
          nicolae_letter_subblock, nicolae_letter_subblock,
          nicolae_letter_subblock, nicolae_letter_subblock,
          nicolae_letter_subblock, nicolae_letter_subblock,
          nicolae_letter_subblock, nicolae_letter_subblock,
          nicolae_letter_subblock, nicolae_letter_subblock,
          nicolae_letter_subblock, nicolae_letter_subblock,
          nicolae_letter_subblock, nicolae_letter_subblock,
          nicolae_letter_subblock, nicolae_letter_subblock,
          nicolae_letter_subblock, nicolae_letter_subblock,
          nicolae_letter_subblock]
D:8:      layout_loops_ring
D:9:      layout_basic, mainiacjoe_overflow_six_doors_small, ashenzari_altar_1,
          kennysheep_little_box, minmay_orc_entry_guard_dogs,
          hangedman_misty_isle
D:10:     layout_basic, amcnicky_altar_gilded,
          chequers_temple_overflow_statue_of_worship, dpeg_lair_monsters,
          enter_bailey_7, serial_shops, nicolae_shop_trees, shop,
          kennysheep_mini_moat, nicolae_shop_statue_plus, shop,
          serial_bayou_pond_d, uniq_joseph

Skill      XL: |  1  2  3  4  5  6  7  8  9 10 11 |
---------------+----------------------------------+-----
Fighting       | 4 5 6 7 10 | 10.0
Armour         | 4 5 6 7 |  7.9
Invocations    | 4 6 9 |  9.2
Axes           | 3 7 8 |  8.0
Shields        | 5 7 |  7.6

Action                     |  1- 3 |  4- 6 |  7- 9 | 10-12 || total
---------------------------+-------+-------+-------+-------++-------
  Melee: War axe           |   108 |   176 |   355 |   264 ||   903
 Invoke: Upheaval          |       |       |       |     3 ||     3
    Use: Scroll            |     2 |    10 |     4 |     2 ||    18
         Potion            |       |       |     1 |    11 ||    12
 Armour: Scale mail        |    86 |    36 |       |       ||   122
         Plate armour      |       |    85 |   248 |   206 ||   539
         Skin              |       |       |       |    15 ||    15
  Dodge: Dodged            |    59 |   108 |   148 |   120 ||   435
  Block: Buckler           |    22 |    60 |       |       ||    82
         Kite shield       |       |    38 |   342 |   326 ||   706
